 Dungeon Crawl Stone Soup version 0.21.1-1-g345015fe64 (webtiles) character file.

157 Revguard the Firebug (level 5, -2/28 HPs)
             Began as a Deep Elf Fire Elementalist on June 17, 2018.
             Killed from afar by an orc wizard (3 damage)
             ... with a puff of frost
             ... on level 3 of the Dungeon.
             The game lasted 00:16:20 (1944 turns).

Revguard the Firebug (Deep Elf Fire Elementalist)   Turns: 1944, Time: 00:16:20

Health: -2/28      AC:  3    Str:  5    XL:     5   Next: 15%
Magic:  2/13       EV: 13    Int: 21    God:
Gold:   74         SH:  0    Dex: 15    Spells: 9/12 levels left

rFire    + . .     SeeInvis .   o - +2 dagger (freeze)
rCold    + . .     Gourm    .   (no shield)
rNeg     . . .     Faith    .   a - +0 robe
rPois    +         Spirit   .   (no helmet)
rElec    +         Reflect  .   (no cloak)
rCorr    +         Harm     .   h - +0 pair of gloves
MR       .....                  (no boots)
Stlth    ++........             (no amulet)
HPRegen  0.09/turn              (no ring)
MPRegen  0.13/turn              (no ring)

@: resistant
A: no striking features
a: no special abilities


You were on level 3 of the Dungeon.
You were not hungry.

You visited 1 branch of the dungeon, and saw 3 of its levels.

You collected 74 gold pieces.

Inventory:

Hand Weapons
 n - a +0 trident
 o - a +2 dagger of freezing (weapon)
Armour
 a - a +0 robe (worn)
 h - a +0 pair of gloves (worn)
Jewellery
 f - an uncursed ring of teleportation
Scrolls
 i - a scroll of remove curse
 l - 2 scrolls of identify {unknown}
 m - a scroll of immolation {unknown}
Potions
 d - a potion of curing {unknown}
 e - a potion of berserk rage {unknown}
 g - a potion of resistance
 j - a potion of might {unknown}
 k - a potion of heal wounds {unknown}
Books
 b - a book of Flames

   Spells                             Type                      Level
   a - Flame Tongue                   Conjuration/Fire             1
   b - Throw Flame                    Conjuration/Fire             2
   c - Conjure Flame                  Conjuration/Fire             3
   d - Inner Flame                    Hexes/Fire                   3
   e - Sticky Flame                   Conjuration/Fire             4
   f - Fireball                       Conjuration/Fire             5
Comestibles
 c - 4 rations


   Skills:
 + Level 0.1 Fighting
 * Level 1.6 Short Blades
 + Level 3.1 Dodging
 * Level 3.2 Stealth
 + Level 4.0 Spellcasting
 + Level 2.0 Conjurations
 + Level 4.6 Fire Magic


You had 9 spell levels left.
You knew the following spells:

 Your Spells              Type           Power        Failure   Level  Hunger
a - Flame Tongue          Conj/Fire      ###..        3%          1    None
b - Throw Flame           Conj/Fire      ###...       4%          2    #......


Dungeon Overview and Level Annotations

Branches:
Dungeon (3/15)

Altars:
Nemelex Xobeh


Message History

A goblin comes into view. It is wielding a dagger.
The goblin shouts!
Found a dagger.
Found a stone staircase leading up.
A rat comes into view.
You barely miss the rat. Something barely misses you. The rat bites you.
Something hits you.
* * * LOW HITPOINT WARNING * * *
You hit the rat. You freeze the rat.
You kill the rat!
You hear some strange, mumbled words.
A puff of frost appears from out of thin air!
The puff of frost hits you!
* * * LOW HITPOINT WARNING * * *
It was a potion of resistance.
You feel protected.
You hear some strange, mumbled words.
A puff of frost appears from out of thin air!
The puff of frost hits you! You resist.
You die...

..##.#......####
.....#...#.....###
#........#.#......
#...##............
....###....#....).
.........#.g#####
.........#...o..# #
......o..###....###..###
....>....# #####@.......
.........# #.†..<...
....#....# #........
#####....# #........
###### #........
#........ #########


You could see an orc and a goblin.

Vanquished Creatures
  The ghost of CaptDreibein the Insei, an amateur DsGl (D:3)
  3 adders
  2 oozes
  3 worms (D:2)
  2 leopard geckos
  5 bats
  A giant cockroach (D:1)
  4 goblins
  3 hobgoblins
  A kobold (D:2)
  3 ball pythons
  2 frilled lizards (D:2)
  5 rats
35 creatures vanquished.

Notes
Turn   | Place    | Note
-------+----------+-------------------------------------------
     0 | D:1      | Revguard the Deep Elf Fire Elementalist began the quest for the Orb.
     0 | D:1      | Reached XP level 1. HP: 10/10 MP: 6/6
   353 | D:1      | Reached XP level 2. HP: 12/15 MP: 1/8
   357 | D:1      | Learned a level 2 spell: Throw Flame
   880 | D:2      | Reached XP level 3. HP: 17/19 MP: 5/9
  1156 | D:2      | Found a sparkling altar of Nemelex Xobeh.
  1867 | D:3      | Reached skill level 1 in Short Blades
  1878 | D:3      | Noticed CaptDreibein's ghost (amateur DsGl)
  1911 | D:3      | Killed CaptDreibein's ghost
  1911 | D:3      | Reached XP level 4. HP: 16/24 MP: 0/12
  1911 | D:3      | Reached XP level 5. HP: 18/28 MP: 0/13
  1943 | D:3      | HP: 1/28 [something/puff of frost (7)]
  1944 | D:3      | Killed from afar by an orc wizard

Skill      XL: |  1  2  3 |
---------------+----------+-----
Fire Magic     | 4 |  4.6
Dodging        | 3 |  3.1
Short Blades   | 1 |  1.6
Stealth        | 3 |  3.2
Spellcasting   | 4 |  4.0
Conjurations   | 2 |  2.0
Fighting       | |  0.1

Action                   |  1- 3 |  4- 6 || total
-------------------------+-------+-------++-------
Melee: Unarmed           |    11 |       ||    11
       Dagger            |     9 |     3 ||    12
 Cast: Flame Tongue      |    49 |     3 ||    52
       Throw Flame       |    14 |       ||    14
  Use: Scroll            |     1 |       ||     1
       Potion            |       |     1 ||     1
 Stab: Sleeping          |     2 |       ||     2
  Eat: Ration            |     1 |       ||     1
       Chunk             |     1 |       ||     1
Armor: Robe              |    10 |     1 ||    11
Dodge: Dodged            |    47 |     2 ||    49
